 Dungeon Sprint DCSS version 0.29-a0-819-g94b489e0ae (webtiles) character file.

Game seed: 17232138037245038836

443 Ayihk420 the Grappler (level 7, -2/64 HPs)
             Began as a Vine Stalker Berserker on July 6, 2022.
             Was a Believer of Trog.
             Slain by Sonja
             ... wielding a +2 dagger of distortion
              (5 damage)
             ... in the Dungeon (Sprint I: "Red Sonja").
             The game lasted 00:01:56 (766 turns).

Ayihk420 the Grappler (Vine Stalker Berserker)       Turns: 766, Time: 00:01:57

Health: -2/64      AC:  5    Str: 19    XL:     7   Next: 2%
Magic:  0/8        EV: 12    Int:  9    God:    Trog [**....]
Gold:   308        SH:  0    Dex: 14    Spells: 6/6 levels left

rFire   . . .      SeeInvis .   j - +0 long sword (protect)
rCold   . . .      Faith    .   (no shield)
rNeg    . . .      Spirit   +   h - +0 ring mail
rPois   .          Reflect  .   (no helmet)
rElec   .          Harm     .   (no cloak)
rCorr   .          Rampage  .   (no gloves)
Will    .....      NoTele   +   (no boots)
Stlth   ..........              (no amulet)
HPRegen 1.00/turn               (no ring)
MPRegen 0.11/turn               (no ring)

@: berserking (expiring), very quick
A: fangs 2, regeneration 1, magic shield, antimagic bite, no potion heal 2
a: Renounce Religion, Berserk, Trog's Hand


You were in the Dungeon.
You worshipped Trog.
Trog was pleased with you.
You visited 1 branch You collected 308 gold pieces.

Inventory:

Hand Weapons
 j - a +0 long sword of protection (weapon)
Armour
 a - a +0 animal skin
 h - a +0 ring mail (worn)
 i - a +2 robe of cold resistance
Wands
 g - a wand of mindburst (5)
Scrolls
 f - a scroll of blinking
Potions
 b - a potion of curing
 c - a potion of haste
 d - 2 potions of magic
 e - a potion of berserk rage


   Skills:
 + Level 8.2 Fighting
 + Level 1.0 Long Blades
 + Level 4.0 Armour
 + Level 4.1 Dodging
 + Level 2.1 Stealth
 + Level 10.1 Unarmed Combat


You had 6 spell levels left.
You didn't know any spells.
Your spell library was empty.

Dungeon Overview and Level Annotations

Branches:
Dungeon (1/1)

Altars:
Cheibriados
Dithmenos
Elyvilon
Fedhas
Gozag
Hepliaklqana
Kikubaaqudgha
Nemelex Xobeh
Okawaru
Qazlal
Ru
Sif Muna
Trog
Uskayaw
Vehumet
Wu Jian
Yredelemnul
Zin
The Shining One

Shops:
D *

Annotations:
D Sonja


Innate Abilities, Weirdness & Mutations

You have extremely sharp teeth.
Your natural rate of healing is unusually fast.
When hurt, damage is shared between your health and your magic reserves.
Your bite disrupts and absorbs the magic of your enemies.
Potions cannot restore your health.


Message History

A red film seems to cover your vision as you go berserk!
You feel yourself moving faster!
You feel mighty!
You feel a strong urge to attack something.
Sonja bows elegantly.
Sonja hits you but does no damage.
Sonja hits you with a +2 dagger of distortion. x2
There is an open door here.
You completely miss Sonja.
Sonja hits you with a +2 dagger of distortion.
Space warps around you.
Sonja hits you with a +2 dagger of distortion.
Sonja misses you.
Sonja hits you with a +2 dagger of distortion. x2
Space warps around you.
Sonja hits you with a +2 dagger of distortion.
You completely miss Sonja. Your bite misses Sonja. Sonja barely misses you.
Sonja hits you with a +2 dagger of distortion.
Sonja barely misses you.
Unknown command.
You miss Sonja. Your bite misses Sonja.
Sonja hits you with a +2 dagger of distortion.
Sonja closely misses you.
Sonja hits you with a +2 dagger of distortion.
Space warps horribly around you!
* * * LOW HITPOINT WARNING * * *
You miss Sonja. Your bite misses Sonja.
Sonja plants her feet in a plie.
Sonja hits you with a +2 dagger of distortion.
* * * LOW HITPOINT WARNING * * *
Space warps around you.
* * * LOW HITPOINT WARNING * * *
Sonja hits you but does no damage. Sonja closely misses you.
You completely miss Sonja.
Sonja bows elegantly.
Sonja hits you with a +2 dagger of distortion!
* * * LOW HITPOINT WARNING * * *
Space warps around you.
* * * LOW HITPOINT WARNING * * *
Sonja hits you with a +2 dagger of distortion.
You die...

#<.#..').#..'..#
#..)..#..').#..+
#..#####'#####'#
#..####..#...#.#
#..#__####..##.#
#..#_____##'#_.+
#⌠⌠#_.∩...'..._#
####_..__##_.#+#
#_____###@#
####### #K# $.$
#$.$# ##.## #+#


You could see Sonja.

Vanquished Creatures
  Sigmund (D)
  A yak (D)
  An ogre (D)
  A jelly (D)
  Ijyb (D)
5 creatures vanquished.

Notes
Turn   | Place    | Note
-------+----------+-------------------------------------------
     0 | D        | Ayihk420 the Vine Stalker Berserker began the quest for the
                  | Orb.
     0 | D        | Reached XP level 1. HP: 11/11 MP: 2/2
     1 | D        | Noticed Ijyb
    14 | D        | Killed Ijyb
    15 | D        | Reached skill level 4 in Unarmed Combat
    15 | D        | Reached XP level 2. HP: 5/17 MP: 1/3
    15 | D        | Reached XP level 3. HP: 6/21 MP: 1/4
   353 | D        | Noticed an ogre
   356 | D        | Killed an ogre
   357 | D        | Reached skill level 5 in Fighting
   357 | D        | Reached skill level 6 in Unarmed Combat
   357 | D        | Gained mutation: Your natural rate of healing is unusually
                  | fast. [Vine Stalker growth]
   357 | D        | Reached XP level 4. HP: 27/27 MP: 5/5
   525 | D        | Noticed Sigmund
   529 | D        | Killed Sigmund
   529 | D        | Reached ** piety under Trog
   530 | D        | Reached skill level 1 in Stealth
   530 | D        | Reached skill level 8 in Unarmed Combat
   530 | D        | Reached XP level 5. HP: 33/33 MP: 6/6
   530 | D        | Reached XP level 6. HP: 38/38 MP: 7/7
   685 | D        | Found an ornate altar of the Wu Jian Council.
   685 | D        | Found a shimmering blue altar of Sif Muna.
   687 | D        | Found a radiant altar of Vehumet.
   691 | D        | Reached skill level 9 in Unarmed Combat
   702 | D        | Found Sieqar's Assorted Antiques.
   702 | D        | Found an ancient bone altar of Kikubaaqudgha.
   702 | D        | Found a hazy altar of Hepliaklqana.
   702 | D        | Found a stormy altar of Qazlal.
   702 | D        | Found a hide-covered altar of Uskayaw.
   702 | D        | Found a blossoming altar of Fedhas.
   702 | D        | Found a bloodstained altar of Trog.
   702 | D        | Found an iron altar of Okawaru.
   702 | D        | Found a basalt altar of Yredelemnul.
   702 | D        | Found a glowing golden altar of the Shining One.
   702 | D        | Found a snail-covered altar of Cheibriados.
   702 | D        | Found a sacrificial altar of Ru.
   702 | D        | Found a glowing silver altar of Zin.
   702 | D        | Found a shadowy altar of Dithmenos.
   702 | D        | Found a white marble altar of Elyvilon.
   702 | D        | Noticed a yak
   703 | D        | Found an opulent altar of Gozag.
   706 | D        | Killed a yak
   707 | D        | Reached skill level 1 in Long Blades
   707 | D        | Reached skill level 10 in Unarmed Combat
   707 | D        | Reached XP level 7. HP: 43/43 MP: 8/8
   707 | D        | Found a sparkling altar of Nemelex Xobeh.
   759 | D        | Noticed Sonja
   766 | D        | HP: 3/64 [Sonja/+2 dagger of distortion (3)]
   766 | D        | Slain by Sonja

Illustrated notes

Levels and vault maps discovered:
D:        dungeon_sprint_1 [red_sonja_temple_1, red_sonja_temple_small_1]

Skill      XL: |  1  2  3  4  5  6 |
---------------+-------------------+-----
Fighting       | 4 5 7 8 |  8.2
Armour         | 2 3 4 |  4.0
Dodging        | 2 3 4 |  4.1
Unarmed Combat | 4 6 8 10 | 10.1
Stealth        | 1 2 |  2.1
Long Blades    | 1 |  1.0

Action                   |  1- 3 |  4- 6 |  7- 9 || total
-------------------------+-------+-------+-------++-------
Melee: Unarmed           |    13 |     5 |       ||    18
       Bite              |     4 |     3 |       ||     7
       Punch             |     1 |       |       ||     1
       Long sword        |       |     3 |     5 ||     8
Invok: Berserk           |     2 |     2 |     1 ||     5
Armor: Ring mail         |       |     2 |     2 ||     4
Dodge: Dodged            |     3 |       |     5 ||     8

Table legend: (Time is in decaauts)
 A = Elapsed time spent in this place.
 B = Non-inter-level travel time spent in this place.
 C = Inter-level travel time spent in this place.
 D = Time resting spent in this place.
 E = Time spent auto-exploring this place.
 F = Levels seen in this place.
 G = Mean time per level.
                   A        B        C        D        E       F      G
               +--------+--------+--------+--------+--------+-----+--------+
         Total |    797 |    797 |      0 |    665 |      0 |   1 |  797.0 |
       Dungeon |    797 |    797 |      0 |    665 |      0 |   1 |  797.0 |
               +--------+--------+--------+--------+--------+-----+--------+

Top non-repeatable levels by time:
       D: 797 daAuts
